AoeStats
← FYI Inc

Black Forest

506077048Analyzed
4v4 RM · 21d ago on Sep 12, 2026· 65m 6s· 8 players
Game mode
Random Map
Map size
Large (8 player)
Population
200
Speed
Normal
Resources
Standard
Victory
Conquest
Starting age
Dark Age
Ending age
Imperial Age
RankedLock teamsTeams togetherTeam positionsShared explorationLock speedFull tech treeHidden civsTurbo modeCheats
Victory
Defeat
🇺🇸 Persians · United States
1975
+8
🇺🇸 Vikings · United States
1908
+11
🇳🇱 Khitans · Netherlands
1892
+11
🇨🇿 Teutons · Czechia
1797
+16
🇻🇳 Georgians · Vietnam
1909
-15
🇺🇸 Goths · United States
1866
-14
🇯🇵 Poles · Japan
1779
-11
🇨🇳 Burmese · China
1608
-6
FYI Inc
0:30 Loom
11:01 Feudal Age
15:00 Castle Age
13:17 Double-Bit Axe
13:56 Fishing Lines
16:06 Bow Saw
18:55 Town Watch
20:31 Horse Collar
22:41 Gillnets
24:37 Scale Mail Armor
24:47 Forging
25:38 Squires
25:54 Chain Mail Armor
26:17 Wheelbarrow
27:02 Iron Casting
26:19 Fletching
28:30 Iron Casting
28:45 Anarchy
32:06 Imperial Age
30:41 Hand Cart
32:30 Coinage
32:13 Elite Huskarl
33:15 Conscription
34:31 Blast Furnace
33:33 Perfusion
34:51 Chemistry
34:34 Perfusion
33:55 Elite Huskarl
34:56 Conscription
35:29 Banking
36:34 Heavy Plow
38:34 Guilds
38:39 Caravan
41:40 Two-Man Saw
40:35 Gold Mining
40:36 Stone Mining
41:32 Crop Rotation
43:13 Pikeman
47:34 Padded Archer Armor
47:22 Halberdier
48:41 Leather Archer Armor
50:50 Ring Archer Armor
60:20 Man-at-Arms
Bo Zhi Shang
0:53 Loom
14:46 Feudal Age
21:09 Castle Age
18:54 Fishing Lines
19:27 Horse Collar
21:14 Wheelbarrow
24:07 Gillnets
24:33 Heavy Plow
26:09 Gold Mining
32:14 Imperial Age
30:58 Gold Shaft Mining
30:42 Scale Barding Armor
30:48 Forging
32:04 Hand Cart
32:13 Chain Barding Armor
32:14 Bloodlines
32:04 Husbandry
33:25 Iron Casting
33:12 Howdah
34:07 Conscription
35:22 Plate Barding Armor
36:08 Husbandry
35:48 Elite Battle Elephant
37:32 Blast Furnace
40:49 Capped Ram
44:21 Caravan
45:43 Light Cavalry
48:57 Elite Skirmisher
49:55 Padded Archer Armor
Kiyomizu-dera
12:11 Feudal Age
16:20 Castle Age
14:28 Loom
14:55 Double-Bit Axe
15:35 Horse Collar
19:25 Bow Saw
21:40 Scale Barding Armor
22:22 Forging
24:50 Wheelbarrow
24:38 Heavy Plow
26:10 Husbandry
27:21 Bloodlines
33:58 Imperial Age
31:47 Stone Mining
31:52 Gold Mining
32:21 Scale Mail Armor
32:53 Squires
33:52 Chain Mail Armor
34:12 Iron Casting
34:54 Stone Shaft Mining
35:25 Plate Mail Armor
35:30 Conscription
36:48 Blast Furnace
37:10 Chemistry
38:37 Elite Obuch
39:28 Arson
40:26 Hand Cart
45:30 Fletching
46:07 Sanctity
47:24 Siege Engineers
47:54 Caravan
51:09 Coinage
51:15 Chain Barding Armor
51:44 Crop Rotation
54:09 Fletching
56:20 Pikeman
58:54 Light Cavalry
saymynameBook
6:11 Loom
8:33 Feudal Age
15:55 Fletching
17:04 Double-Bit Axe
22:09 Castle Age
21:09 Gold Mining
21:04 Horse Collar
22:13 Crossbowman
22:48 Bodkin Arrow
24:41 Bow Saw
27:06 Wheelbarrow
27:27 Padded Archer Armor
29:37 Town Watch
34:37 Imperial Age
34:25 Leather Archer Armor
34:23 Bloodlines
34:13 Husbandry
34:34 Hand Cart
35:27 Ballistics
35:25 Bracer
37:18 Chemistry
37:58 Capped Ram
40:36 Parthian Tactics
40:26 Pikeman
41:06 Squires
42:11 Caravan
42:25 Heavy Cavalry Archer
43:31 Light Cavalry
44:17 Scale Barding Armor
45:22 Chain Barding Armor
44:46 Hussar
45:37 Forging
46:52 Plate Barding Armor
46:30 Forging
47:16 Guard Tower
47:37 Masonry
47:36 Svan Towers
47:51 Conscription
49:18 Iron Casting
51:51 Blast Furnace
50:43 Arrowslits
51:29 Architecture
52:46 Keep
51:52 Treadmill Crane
54:25 Siege Engineers
54:56 Hoardings
55:44 Halberdier
56:51 Scale Mail Armor
58:09 Chain Mail Armor
59:34 Plate Mail Armor
60:52 Guilds
Phish 'n' Tofu
7:00 Loom
9:32 Feudal Age
9:30 Man-at-Arms
10:16 Double-Bit Axe
15:04 Fletching
22:34 Castle Age
22:21 Fishing Lines
22:23 Horse Collar
23:01 Bodkin Arrow
22:27 Crossbowman
24:31 Bow Saw
26:08 Gillnets
27:12 Wheelbarrow
29:35 Heavy Plow
32:03 Hand Cart
31:57 Town Watch
37:16 Imperial Age
34:59 Gold Mining
36:42 Town Patrol
37:12 Padded Archer Armor
38:35 Chemistry
38:10 Leather Archer Armor
37:52 Stone Mining
39:20 Ring Archer Armor
40:16 Conscription
41:27 Caravan
42:32 Capped Ram
44:41 Siege Ram
46:07 Coinage
47:57 Elite War Elephant
48:45 Scale Barding Armor
49:16 Masonry
50:51 Chain Barding Armor
50:42 Bloodlines
50:33 Husbandry
52:18 Plate Barding Armor
51:54 Forging
53:42 Banking
56:47 Iron Casting
60:56 Hoardings
63:58 Blast Furnace
Kazi
0:31 Loom
13:52 Feudal Age
14:20 Double-Bit Axe
16:08 Town Watch
19:48 Castle Age
17:58 Fishing Lines
20:41 Bow Saw
21:47 Gillnets
24:36 Horse Collar
26:27 Heavy Plow
34:45 Imperial Age
32:08 Stone Mining
33:25 Fortified Wall
32:55 Treadmill Crane
33:28 Gold Mining
34:24 Scale Mail Armor
34:34 Forging
34:59 Squires
34:44 Arson
35:33 Chain Mail Armor
35:03 Elite Berserk
35:47 Chieftains
36:08 Conscription
36:47 Iron Casting
36:07 Capped Ram
37:38 Plate Mail Armor
39:24 Blast Furnace
39:20 Fletching
42:36 Bodkin Arrow
42:50 Murder Holes
43:17 Ballistics
47:02 Hoardings
46:43 Masonry
47:34 Chemistry
46:41 Bracer
49:43 Two-Man Saw
50:21 Caravan
51:34 Siege Ram
53:55 Crop Rotation
54:29 Two-Man Saw
64:32 Architecture
64:08 Siege Engineers
64:36 Architecture
65:51 Coinage
65:27 Town Patrol
White Knight
6:45 Loom
9:29 Feudal Age
10:00 Double-Bit Axe
10:33 Double-Bit Axe
18:39 Castle Age
16:24 Domestication
17:19 Forging
17:45 Scale Barding Armor
19:30 Bow Saw
19:33 Pastoralism
19:46 Husbandry
27:04 Wheelbarrow
26:15 Town Watch
28:34 Hand Cart
29:45 Gold Mining
29:45 Stone Mining
33:41 Imperial Age
30:58 Town Watch
31:45 Coinage
31:51 Iron Casting
31:36 Chain Barding Armor
32:14 Stone Shaft Mining
33:43 Elite Steppe Lancer
35:03 Plate Barding Armor
35:51 Banking
37:10 Conscription
38:42 Ordo Cavalry
41:04 Lamellar Armor
41:55 Light Cavalry
44:22 Caravan
45:58 Hussar
49:07 Transhumance
50:36 Guilds
56:20 Fletching
57:26 Siege Engineers
58:04 Heavy Rocket Cart
63:03 Capped Ram
64:33 Siege Ram
Tarbiczek
11:23 Feudal Age
15:18 Castle Age
13:44 Double-Bit Axe
13:57 Fishing Lines
17:45 Bow Saw
18:46 Gillnets
19:35 Horse Collar
21:21 Wheelbarrow
21:35 Heavy Plow
23:58 Hand Cart
23:37 Gold Mining
23:37 Stone Mining
23:44 Stone Mining
28:12 Imperial Age
26:58 Padded Archer Armor
27:46 Stone Shaft Mining
28:31 Leather Archer Armor
29:58 Chemistry
29:47 Ring Archer Armor
29:23 Siege Engineers
30:29 Two-Man Saw
30:00 Crop Rotation
29:48 Loom
29:48 Town Watch
30:31 Conscription
30:14 Fletching
30:54 Bodkin Arrow
31:47 Ballistics
32:50 Crenellations
33:37 Masonry
36:13 Hoardings
39:04 Caravan
44:58 Scale Mail Armor
45:09 Forging
45:00 Squires
44:46 Arson
47:12 Chain Mail Armor
47:32 Iron Casting
47:28 Guilds
49:24 Plate Mail Armor
48:17 Elite Teutonic Knight
50:34 Blast Furnace
53:26 Bombard Tower
55:44 Onager
58:03 Ironclad
57:22 Siege Onager
62:22 Crop Rotation
Connection lost

Rejoining the realm…

Still unreachable

The connection could not be restored.

Session expired

The server has moved on; the page needs a fresh start.